TOP OF THE 1ST |
Greenville Spinners batting - Pitching for Spartanburg Spartans : LHP Nick Fiorillo
|
Pitching: LHP Nick Fiorillo
|
|
Batting: RHB Tony Russell
|
0-0: Ball 1-0: Foul Ball, location: 2F 1-1: Ball 2-1: Foul Ball, location: 2F 2-2: Foul Ball, location: 2F 2-2: Ball 3-2: Base on Balls
|
Batting: RHB Richard Duran
|
0-0: Ball 1-0: Swinging Strike 1-1: Foul Ball, location: 2F 1-2: Ball 2-2: Ball 3-2: Fly out, F8 (Flyball, 78M, EV 93.8 MPH)
|
Batting: RHB Bobby Miscik
|
0-0: Ball 1-0: SINGLE (Line Drive, 9S, EV 103.1 MPH) Tony Russell to second
|
Batting: RHB Glenn Robertson
|
0-0: Ball 1-0: Called Strike 1-1: Ball 2-1: Ball 3-1: Foul Ball, location: 2F 3-2: Reached on error, E3 (Groundball, 34S, EV 86.3 MPH) Tony Russell to third Bobby Miscik to second
|
Batting: RHB Michael McEvilly
|
0-0: Ball 1-0: Ball 2-0: Called Strike 2-1: Fly out, F9 (Flyball, 89M, EV 88.8 MPH) Runner from 3rd tags up, SCORES, no throw by RF
|
Batting: LHB John Edmonds
|
0-0: Swinging Strike 0-1: Fly out, F8 (Flyball, 8LS, EV 90.0 MPH)
|
Top of the 1st over - 1 run, 1 hit, 1 error, 2 left on base; Greenville 1 - Spartanburg 0 |
BOTTOM OF THE 1ST |
Spartanburg Spartans batting - Pitching for Greenville Spinners : RHP Robert Hussey
|
Pitching: RHP Robert Hussey
|
|
Batting: SHB Michael Vanderburg
|
0-0: Foul Ball, location: 2F 0-1: Foul Ball, location: 2F 0-2: Fly out, F9 (Line Drive, 9, EV 99.4 MPH)
|
Batting: RHB Van Sowards
|
0-0: Ball 1-0: Foul Ball, location: 2F 1-1: Ball 2-1: Foul Ball, location: 2F 2-2: Ball 3-2: Base on Balls
|
Batting: RHB Gib Seibert
|
0-0: Ball 1-0: Ball 2-0: Ball 3-0: Called Strike 3-1: Foul Ball, location: 2F 3-2: Grounds into double play, 5-4-3 (Groundball, 56, EV 86.3 MPH)
|
Bottom of the 1st over - 0 runs, 0 hits, 0 errors, 0 left on base; Greenville 1 - Spartanburg 0 |
TOP OF THE 2ND |
Greenville Spinners batting - Pitching for Spartanburg Spartans : LHP Nick Fiorillo
|
Batting: RHB Darrell Woodard
|
0-0: Ball 1-0: Foul Ball, location: 2F 1-1: Ground out 6-3 (Groundball, 6, EV 83.8 MPH)
|
Batting: RHB Luis Salazar
|
0-0: Called Strike 0-1: Swinging Strike 0-2: Ball 1-2: Ball 2-2: Foul Ball, location: 2F 2-2: Ball 3-2: Base on Balls
|
Batting: LHB Russell Getter
|
0-0: Ball 1-0: Ball 2-0: Ball 3-0: Foul Ball, location: 2F 3-1: SINGLE (Groundball, 34D, EV 96.3 MPH) Luis Salazar to second Throwing error, E9 Luis Salazar scores Russell Getter to second
|
Batting: RHB Tony Russell
|
0-0: Ball 1-0: Ground out 6-3 (Groundball, 56, EV 90.6 MPH)
|
Batting: RHB Richard Duran
|
0-0: Ball 1-0: Foul Ball, location: 2F 1-1: Foul Ball, location: 2F 1-2: Single, Error in OF, E7, batter to second base (Groundball, 56D, EV 95.0 MPH) Russell Getter scores
|
Batting: RHB Bobby Miscik
|
0-0: Swinging Strike 0-1: Foul Ball, location: 2F 0-2: Ball 1-2: 2-RUN HOME RUN (Flyball, 78XD, EV 111.9 MPH), Distance : 422 ft
|
Batting: RHB Glenn Robertson
|
0-0: Foul Ball, location: 2F 0-1: Ball 1-1: Ball 2-1: Swinging Strike 2-2: Ball 3-2: DOUBLE (Line Drive, 7LM, EV 102.5 MPH)
|
Batting: RHB Michael McEvilly
|
0-0: Called Strike 0-1: Ground out U3 (Groundball, 34S, EV 85.6 MPH)
|
Top of the 2nd over - 4 runs, 4 hits, 2 errors, 1 left on base; Greenville 5 - Spartanburg 0 |
BOTTOM OF THE 2ND |
Spartanburg Spartans batting - Pitching for Greenville Spinners : RHP Robert Hussey
|
Batting: LHB John Hennell
|
0-0: Ball 1-0: Called Strike 1-1: Called Strike 1-2: Fly out, F9 (Flyball, 9S, EV 91.9 MPH)
|
Batting: RHB Dan Boever
|
0-0: Ball 1-0: Fly out, F7 (Line Drive, 7D, EV 91.9 MPH)
|
Batting: LHB Ross Kingsley
|
0-0: Ball 1-0: Ground out 6-3 (Groundball, 6, EV 97.5 MPH)
|
Bottom of the 2nd over - 0 runs, 0 hits, 0 errors, 0 left on base; Greenville 5 - Spartanburg 0 |
TOP OF THE 3RD |
Greenville Spinners batting - Pitching for Spartanburg Spartans : LHP Nick Fiorillo
|
Batting: LHB John Edmonds
|
0-0: Called Strike 0-1: Ball 1-1: Ball 2-1: Foul Ball, location: 2F 2-2: Strikes out swinging
|
Batting: RHB Darrell Woodard
|
0-0: Ball 1-0: Ball 2-0: Foul Ball, location: 2F 2-1: Ground out 4-3 (Groundball, 4, EV 78.8 MPH)
|
Batting: RHB Luis Salazar
|
0-0: Foul Ball, location: 2F 0-1: Fly out, F8 (Flyball, 89M, EV 90.0 MPH)
|
Top of the 3rd over - 0 runs, 0 hits, 0 errors, 0 left on base; Greenville 5 - Spartanburg 0 |
BOTTOM OF THE 3RD |
Spartanburg Spartans batting - Pitching for Greenville Spinners : RHP Robert Hussey
|
Batting: LHB Albert Ortiz
|
0-0: Foul Ball, location: 2F 0-1: Foul Ball, location: 2F 0-2: Ball 1-2: Ground out 6-3 (Groundball, 6M, EV 83.8 MPH)
|
Batting: RHB Ron Dillard
|
0-0: Ball 1-0: Called Strike 1-1: Ball 2-1: Foul Ball, location: 2F 2-2: Fly out, F7 (Flyball, 78D, EV 105.0 MPH)
|
Batting: RHB Robin Dreizler
|
0-0: DOUBLE (Line Drive, 9LD, EV 107.5 MPH)
|
Batting: SHB Michael Vanderburg
|
0-0: Ball 1-0: Ball 2-0: Called Strike 2-1: Ball 3-1: Called Strike 3-2: Base on Balls
|
Batting: RHB Van Sowards
|
0-0: Called Strike 0-1: Ball 1-1: Ball 2-1: Ball 3-1: Base on Balls Robin Dreizler to third Michael Vanderburg to second
|
Batting: RHB Gib Seibert
|
0-0: Fly out, F4 (Line Drive, 4, EV 65.6 MPH)
|
Bottom of the 3rd over - 0 runs, 1 hit, 0 errors, 3 left on base; Greenville 5 - Spartanburg 0 |
TOP OF THE 4TH |
Greenville Spinners batting - Pitching for Spartanburg Spartans : LHP Nick Fiorillo
|
Batting: LHB Russell Getter
|
0-0: Foul Ball, location: 2F 0-1: Ground out 6-3 (Groundball, 6, EV 108.1 MPH)
|
Now at 3B: Rigo Rodriguez
|
|
Batting: RHB Tony Russell
|
0-0: Swinging Strike 0-1: Ball 1-1: Ground out 5-3 (Groundball, 56S, EV 81.3 MPH)
|
Batting: RHB Richard Duran
|
0-0: Ball 1-0: Foul Ball, location: 2F 1-1: Ball 2-1: Ground out 6-3 (Groundball, 6, EV 86.3 MPH)
|
Top of the 4th over - 0 runs, 0 hits, 0 errors, 0 left on base; Greenville 5 - Spartanburg 0 |
BOTTOM OF THE 4TH |
Spartanburg Spartans batting - Pitching for Greenville Spinners : RHP Robert Hussey
|
Batting: LHB John Hennell
|
0-0: Ground out 4-3 (Groundball, 4, EV 100.6 MPH)
|
Batting: RHB Dan Boever
|
0-0: Ball 1-0: Called Strike 1-1: Fly out, F8 (Flyball, 8RD, EV 96.9 MPH)
|
Batting: RHB Rigo Rodriguez
|
0-0: Ball 1-0: Swinging Strike 1-1: Ball 2-1: Called Strike 2-2: Ball 3-2: Foul Ball, location: 2F 3-2: Strikes out looking
|
Bottom of the 4th over - 0 runs, 0 hits, 0 errors, 0 left on base; Greenville 5 - Spartanburg 0 |
TOP OF THE 5TH |
Greenville Spinners batting - Pitching for Spartanburg Spartans : LHP Nick Fiorillo
|
Batting: RHB Bobby Miscik
|
0-0: Called Strike 0-1: Foul Ball, location: 2F 0-2: Ball 1-2: Ball 2-2: Foul Ball, location: 2F 2-2: Foul Ball, location: 2F 2-2: Foul Ball, location: 2F 2-2: Strikes out swinging
|
Batting: RHB Glenn Robertson
|
0-0: Called Strike 0-1: Ground out 6-3 (Groundball, 6, EV 107.5 MPH)
|
Batting: RHB Michael McEvilly
|
0-0: Ball 1-0: Swinging Strike 1-1: Swinging Strike 1-2: Fly out, F8 (Flyball, 8LD, EV 79.4 MPH)
|
Top of the 5th over - 0 runs, 0 hits, 0 errors, 0 left on base; Greenville 5 - Spartanburg 0 |
BOTTOM OF THE 5TH |
Spartanburg Spartans batting - Pitching for Greenville Spinners : RHP Robert Hussey
|
Batting: LHB Albert Ortiz
|
0-0: Foul Ball, location: 2F 0-1: Called Strike 0-2: Ball 1-2: SINGLE (Groundball, 4MD, EV 94.4 MPH)
|
Batting: RHB Ron Dillard
|
0-0: Called Strike 0-1: Fly out, F9 (Flyball, 9S, EV 90.0 MPH)
|
Batting: RHB Robin Dreizler
|
0-0: Ball 1-0: Called Strike 1-1: Fly out, F9 (Flyball, 9, EV 80.0 MPH)
|
Batting: SHB Michael Vanderburg
|
0-0: Called Strike 0-1: Called Strike 0-2: Ball 1-2: Foul Ball, location: 2F 1-2: Foul Ball, location: 2F 1-2: Ball 2-2: Ball 3-2: Base on Balls Albert Ortiz to second
|
Batting: RHB Van Sowards
|
0-0: Ball 1-0: Ball 2-0: Ball 3-0: Base on Balls Albert Ortiz to third Michael Vanderburg to second
|
Batting: RHB Gib Seibert
|
0-0: Ball 1-0: Ball 2-0: Fielders Choice at 2nd, U4 (Groundball, 4M, EV 81.9 MPH)
|
Bottom of the 5th over - 0 runs, 1 hit, 0 errors, 3 left on base; Greenville 5 - Spartanburg 0 |
TOP OF THE 6TH |
Greenville Spinners batting - Pitching for Spartanburg Spartans : LHP Nick Fiorillo
|
Batting: LHB John Edmonds
|
0-0: Ground out 6-3 (Groundball, 6M, EV 91.9 MPH)
|
Batting: RHB Darrell Woodard
|
0-0: Ground out 4-3 (Groundball, 4S, EV 88.8 MPH)
|
Batting: RHB Luis Salazar
|
0-0: Foul Ball, location: 2F 0-1: Ball 1-1: Swinging Strike 1-2: Ground out U3 (Groundball, 34S, EV 85.0 MPH)
|
Top of the 6th over - 0 runs, 0 hits, 0 errors, 0 left on base; Greenville 5 - Spartanburg 0 |
BOTTOM OF THE 6TH |
Spartanburg Spartans batting - Pitching for Greenville Spinners : RHP Robert Hussey
|
Batting: LHB John Hennell
|
0-0: Called Strike 0-1: Ball 1-1: Swinging Strike 1-2: DOUBLE (Flyball, 8LXD, EV 108.8 MPH)
|
Batting: RHB Dan Boever
|
0-0: Ball 1-0: Called Strike 1-1: Fly out, F8 (Flyball, 8LD, EV 103.8 MPH)
|
Batting: RHB Rigo Rodriguez
|
0-0: Called Strike 0-1: Ball 1-1: Ball 2-1: Foul Ball, location: 2F 2-2: Strikes out swinging
|
Batting: LHB Albert Ortiz
|
0-0: Foul Ball, location: 2F 0-1: Fly out, F8 (Flyball, 8RD, EV 75.6 MPH)
|
Bottom of the 6th over - 0 runs, 1 hit, 0 errors, 1 left on base; Greenville 5 - Spartanburg 0 |
TOP OF THE 7TH |
Greenville Spinners batting - Pitching for Spartanburg Spartans : LHP Nick Fiorillo
|
Batting: LHB Russell Getter
|
0-0: Fly out, F8 (Line Drive, 8RD, EV 82.5 MPH)
|
Batting: RHB Tony Russell
|
0-0: Ball 1-0: Ball 2-0: Ball 3-0: Base on Balls
|
Batting: RHB Richard Duran
|
0-0: Grounds into double play, 4-6-3 (Groundball, 4, EV 84.4 MPH)
|
Top of the 7th over - 0 runs, 0 hits, 0 errors, 0 left on base; Greenville 5 - Spartanburg 0 |
BOTTOM OF THE 7TH |
Spartanburg Spartans batting - Pitching for Greenville Spinners : RHP Robert Hussey
|
Batting: RHB Ron Dillard
|
0-0: Swinging Strike 0-1: Ball 1-1: Ball 2-1: Fly out, F8 (Flyball, 8RM, EV 88.8 MPH)
|
Batting: RHB Robin Dreizler
|
0-0: Ball 1-0: Foul Ball, location: 2F 1-1: Ball 2-1: Ball 3-1: Base on Balls
|
Batting: SHB Michael Vanderburg
|
Pickoff Throw to First - Out! 1-3 0-0: SINGLE (Line Drive, 7S, EV 93.1 MPH)
|
Batting: RHB Van Sowards
|
0-0: Called Strike 0-1: Called Strike 0-2: Ball 1-2: Ball 2-2: Ball 3-2: DOUBLE (Line Drive, 89D, EV 106.9 MPH) Michael Vanderburg to third Michael Vanderburg scores
|
Batting: RHB Gib Seibert
|
0-0: Ball 1-0: Ball 2-0: Fly out, F8 (Flyball, 8RD, EV 90.0 MPH)
|
Bottom of the 7th over - 1 run, 2 hits, 0 errors, 1 left on base; Greenville 5 - Spartanburg 1 |
TOP OF THE 8TH |
Greenville Spinners batting - Pitching for Spartanburg Spartans : LHP Nick Fiorillo
|
Batting: RHB Bobby Miscik
|
0-0: Foul Ball, location: 2F 0-1: DOUBLE (Flyball, 8LXD, EV 106.9 MPH)
|
Pinch Runner at 2nd Ronald Carapezzi:
|
|
Batting: RHB Glenn Robertson
|
0-0: Foul Ball, location: 2F 0-1: Swinging Strike 0-2: Foul Ball, location: 2F 0-2: Ball 1-2: Foul Ball, location: 2F 1-2: Fly out, F3 (Popup, 3SF, EV 74.4 MPH)
|
Batting: RHB Michael McEvilly
|
0-0: Ball 1-0: Called Strike 1-1: Foul Ball, location: 2F 1-2: Foul Ball, location: 2F 1-2: Ball 2-2: Ball 3-2: Strikes out swinging
|
Batting: LHB John Edmonds
|
0-0: Fly out, F5 (Popup, 5L, EV 75.0 MPH)
|
Top of the 8th over - 0 runs, 1 hit, 0 errors, 1 left on base; Greenville 5 - Spartanburg 1 |
BOTTOM OF THE 8TH |
Spartanburg Spartans batting - Pitching for Greenville Spinners : RHP Robert Hussey
|
Now at 1B: Ronald Carapezzi
|
|
Batting: LHB John Hennell
|
0-0: Swinging Strike 0-1: Ball 1-1: Foul Ball, location: 2F 1-2: Ball 2-2: Ball 3-2: DOUBLE (Flyball, 78XD, EV 108.1 MPH)
|
Batting: RHB Dan Boever
|
0-0: Ball 1-0: Ground out 5-3 (Groundball, 5L, EV 78.8 MPH)
|
Batting: RHB Rigo Rodriguez
|
0-0: Ball 1-0: Foul Ball, location: 2F 1-1: Called Strike 1-2: Ball 2-2: Foul Ball, location: 2F 2-2: Ball 3-2: Strikes out swinging
|
Batting: LHB Albert Ortiz
|
0-0: Ball 1-0: Ball 2-0: Called Strike 2-1: Foul Ball, location: 2F 2-2: Ground out 3-1 (Groundball, 34, EV 105.0 MPH)
|
Bottom of the 8th over - 0 runs, 1 hit, 0 errors, 1 left on base; Greenville 5 - Spartanburg 1 |
TOP OF THE 9TH |
Greenville Spinners batting - Pitching for Spartanburg Spartans : LHP Nick Fiorillo
|
Batting: RHB Darrell Woodard
|
0-0: Ball 1-0: Foul Ball, location: 2F 1-1: Swinging Strike 1-2: Fly out, F7 (Flyball, 7LS, EV 94.4 MPH)
|
Batting: RHB Luis Salazar
|
0-0: Ball 1-0: Ground out 4-3 (Groundball, 4S, EV 72.5 MPH)
|
Batting: LHB Russell Getter
|
0-0: Ball 1-0: Called Strike 1-1: Ball 2-1: SINGLE (Groundball, 4MD, EV 98.8 MPH)
|
Batting: RHB Tony Russell
|
0-0: Called Strike 0-1: SINGLE (Flyball, 7S, EV 91.3 MPH) Russell Getter to second
|
Batting: RHB Richard Duran
|
0-0: Ball 1-0: Ball 2-0: Ball 3-0: Base on Balls Russell Getter to third Tony Russell to second
|
Batting: RHB Ronald Carapezzi
|
0-0: Called Strike 0-1: Called Strike 0-2: Ball 1-2: Ball 2-2: Strikes out swinging
|
Top of the 9th over - 0 runs, 2 hits, 0 errors, 3 left on base; Greenville 5 - Spartanburg 1 |
BOTTOM OF THE 9TH |
Spartanburg Spartans batting - Pitching for Greenville Spinners : RHP Robert Hussey
|
Batting: RHB Ron Dillard
|
0-0: Ball 1-0: Ground out 5-3 (Groundball, 56S, EV 65.0 MPH)
|
Batting: RHB Robin Dreizler
|
0-0: Called Strike 0-1: Ball 1-1: Fly out, F8 (Flyball, 8LD, EV 93.8 MPH)
|
Batting: SHB Michael Vanderburg
|
0-0: Ball 1-0: Ball 2-0: Swinging Strike 2-1: Ball 3-1: Foul Ball, location: 2F 3-2: Foul Ball, location: 2F 3-2: Ground out 6-3 (Groundball, 6, EV 87.5 MPH)
|
Bottom of the 9th over - 0 runs, 0 hits, 0 errors, 0 left on base; Greenville 5 - Spartanburg 1 |
|